 Dungeon Crawl Stone Soup version 0.18-b1-14-g029dad2 (webtiles) character file.

42 Chiseanne the Magician (level 3, 24/24 HPs)
             Began as a Demonspawn Wizard on Apr 30, 2016.
             Quit the game on level 2 of the Dungeon.
             The game lasted 00:03:00 (1981 turns).

Chiseanne the Magician (Demonspawn Wizard)          Turns: 1981, Time: 00:03:01

Health: 24/24      AC:  3    Str:  7    XL:     3   Next: 35%
Magic:  7/8        EV: 12    Int: 22    God:
Gold:   39         SH:  0    Dex: 11    Spells: 3 memorised, 4 levels left

rFire  . . .     SeeInvis .     n - +0 short sword
rCold  . . .     Gourm    .     a - +0 robe
rNeg   . . .     Faith    .     (no shield)
rPois  .         Spirit   .     b - +0 hat
rElec  .         Dismiss  .     (no cloak)
rCorr  .         Reflect  .     (no gloves)
SustAt .         Harm     .     (no boots)
MR     .....                    (no amulet)
Stlth  +++.......               (no ring)
                                g - +2 ring of intelligence

@: not resistant to hostile enchantments, fairly stealthy
A: icy blue scales 1, nightstalker 1
a: no special abilities


You were on level 2 of the Dungeon.
You were not hungry.

You visited 1 branch of the dungeon, and saw 2 of its levels.

You collected 39 gold pieces.

Inventory:

Hand Weapons
 n - a +0 short sword (weapon)
Missiles
 e - 13 sling bullets
 j - 20 poisoned needles
 l - 9 stones (quivered)
Armour
 a - a +0 robe (worn)
 b - a +0 hat (worn)
Jewellery
 g - a +2 ring of intelligence (left hand)
Scrolls
 k - a scroll of blinking
Potions
 f - 2 potions of curing {unknown}
 o - a potion of agility {unknown}
Books
 c - a book of Minor Magic

   Spells                             Type                      Level
   a - Magic Dart                     Conjuration                  1
   b - Blink                          Translocation                2
   c - Call Imp                       Summoning                    2
   d - Repel Missiles                 Charms/Air                   2
   e - Slow                           Hexes                        2
   f - Conjure Flame                  Conjuration/Fire             3
   g - Mephitic Cloud                 Conjuration/Poison/Air       3
Comestibles
 d - 3 bread rations
 h - 2 chunks of flesh
 m - 2 fruits


   Skills:
 - Level 1.7 Dodging
 - Level 1.7 Stealth
 * Level 3.5 Spellcasting
 * Level 2.6 Conjurations
   Level 1.0 Summonings
 - Level 0.8 Translocations


You had 4 spell levels left.
You knew the following spells:

 Your Spells              Type           Power        Failure   Level  Hunger
a - Magic Dart            Conj           ###.         6%          1    None
b - Blink                 Tloc           N/A          14%         2    ##.....
c - Repel Missiles        Chrm/Air       #.....       21%         2    ##.....


Dungeon Overview and Level Annotations

Branches:
Dungeon (2/15)

Altars:


Innate Abilities, Weirdness & Mutations

You are partially covered in icy blue scales (AC +1).
You are slightly more attuned to the shadows.


Message History

Okay, then.
Found a club.
You see here a club.
A ball python comes into view.
Casting: Magic Dart
Confirm with . or Enter, or press ? or * to list all spells.
Aiming: Magic Dart
Press: ? - help, Shift-Dir - straight line, f - ball python
Aim: a ball python (resting)
The magic dart hits the ball python.
You kill the ball python!
Casting: Magic Dart
Confirm with . or Enter, or press ? or * to list all spells.
Aiming: Magic Dart
Press: ? - help, Shift-Dir - straight line, f - you Really target yourself? [Y]es or [N]o only, please.
Really target yourself?
Okay, then.
Are you sure you want to abandon this character and quit the game? (Confirm with "yes".)

............#
.##...######
#..)# #...#
#.>.####
#......#######
#.............
##.#.#.#######
#.#.#@#
#......†....
############


There were no monsters in sight!

Vanquished Creatures
  An adder (D:2)
  An ooze (D:1)
  2 bats
  2 giant cockroaches (D:1)
  3 goblins
  5 hobgoblins
  A quokka (D:2)
  3 ball pythons
  2 giant newts (D:1)
  3 kobolds
  6 rats (D:1)
29 creatures vanquished.

Notes
Turn   | Place    | Note
--------------------------------------------------------------
     0 | D:1      | Chiseanne the Demonspawn Wizard began the quest for the Orb.
     0 | D:1      | Reached XP level 1. HP: 13/13 MP: 4/4
   582 | D:1      | Gained mutation: You are slightly more attuned to the shadows. [demonic ancestry]
   582 | D:1      | Reached XP level 2. HP: 19/19 MP: 4/6
   928 | D:1      | Learned a level 2 spell: Blink
   931 | D:1      | Learned a level 2 spell: Repel Missiles
  1783 | D:2      | Gained mutation: You are partially covered in icy blue scales (AC +1). [demonic ancestry]
  1783 | D:2      | Reached XP level 3. HP: 24/24 MP: 4/7
  1981 | D:2      | Quit the game

Skill      XL: |  1  2 |
---------------+-------+-----
Conjurations   | 2 |  2.6
Dodging        | |  1.7
Stealth        | |  1.7
Spellcasting   | |  3.5
Summonings     | |  1.0
Translocations | |  0.8

Action                   || total
-------------------------++-------
Melee: Club              ||     8
       Short sword       ||    10
 Cast: Magic Dart        ||    66
       Repel Missiles    ||     1
  Use: Scroll            ||     3
  Eat: Chunk             ||     3
Armor: Robe              ||     5
Dodge: Dodged            ||    20
       Deflected         ||     1
